 Dungeon Sprint DCSS version 0.21.1-1-g345015f (webtiles) character file.

102 Gingerlord the Skirmisher (level 4, -6/39 HPs)
             Began as a Demonspawn Fighter on July 7, 2018.
             Was an Initiate of Okawaru.
             Mangled by a hornet (11 damage)
             ... in the Dungeon (Sprint IX: "|||||||||||||||||||||||||||||").
             The game lasted 00:01:25 (562 turns).

Gingerlord the Skirmisher (Demonspawn Fighter)       Turns: 562, Time: 00:01:26

Health: -6/39      AC: 15    Str: 22    XL:     4   Next: 49%
Magic:  0/4        EV:  9    Int:  9    God:    Okawaru [......]
Gold:   0          SH: 10    Dex: 13    Spells: 3/3 levels left

rFire    . . .     SeeInvis .   p - +2 scimitar (slice)
rCold    . . .     Gourm    .   c - +0 shield
rNeg     . . .     Faith    .   s - +1 chain mail
rPois    .         Spirit   +   r - +0 helmet
rElec    .         Reflect  .   (no cloak)
rCorr    .         Harm     .   q - +0 pair of gloves
MR       .....     NoTele   +   (no boots)
Stlth    ..........             (no amulet)
HPRegen  0.13/turn              t - +2 ring of evasion
MPRegen  0.09/turn              u - +2 ring of protection

@: mighty, lethally poisoned (-6 -> -12), slowed, very slow
A: talons 1, magic shield
a: Renounce Religion


You were in the Dungeon.
You worshipped Okawaru.
Okawaru was noncommittal.
You were not hungry.

You visited 1 branch

Inventory:

Hand Weapons
 p - a +2 scimitar of slicing (weapon)
Armour
 c - a +0 shield (worn)
 q - a +0 pair of gloves (worn)
 r - a +0 helmet (worn)
 s - a +1 chain mail (worn)
Jewellery
 t - a +2 ring of evasion (left hand)
 u - a +2 ring of protection (right hand)
Wands
 o - a wand of iceblast (10)
Scrolls
 k - 2 scrolls of blinking
 m - 3 scrolls of remove curse
 n - 2 scrolls of amnesia
Potions
 e - a potion of invisibility
 g - 3 potions of heal wounds
 h - a potion of haste
 i - 4 potions of magic
 j - a potion of berserk rage
 l - 3 potions of curing
Comestibles
 f - a ration


   Skills:
 + Level 5.0 Fighting
 + Level 4.0 Long Blades
 + Level 4.5 Armour
 + Level 3.4 Dodging
 + Level 4.5 Shields


You had 3 spell levels left.
You didn't know any spells.

Dungeon Overview and Level Annotations

Branches:
Dungeon (1/1)

Altars:
Cheibriados
Dithmenos
Elyvilon
Fedhas
Gozag
Hepliaklqana
Kikubaaqudgha
Makhleb
Nemelex Xobeh
Okawaru
Qazlal
Ru
Sif Muna
Trog
Uskayaw
Vehumet
Wu Jian
Xom
Yredelemnul
Zin
The Shining One
Beogh
Jiyva
Lugonu


Innate Abilities, Weirdness & Mutations

You have sharp toenails.
When hurt, damage is shared between your health and your magic reserves.


Message History

The hornet stings you.
You feel as though you will be slow longer.
The hornet barely misses you.
You riposte.
You closely miss the hornet. Your kick misses the hornet.
The hornet is moderately wounded.
You feel very mighty all of a sudden.
You feel sick. The hornet closely misses you. The hornet stings you!
You feel as though you will be slow longer.
You feel better. You block the hornet's attack. The hornet stings you!
You feel as though you will be slow longer.
You hit the hornet. Your kick misses the hornet.
The hornet is severely wounded.
The hornet stings you.
You are poisoned.
You feel as though you will be slow longer.
The hornet stings you!
* * * LOW HITPOINT WARNING * * *
You feel as though you will be slow longer.
The hornet stings you!
You die...

▓.▓
▓g▓
▓J▓
▓o▓
▓K▓
▓c▓
▓y▓
▓@▓
▓.▓
▓.▓
▓.▓
▓.▓
▓)▓
▓|▓
▓.▓
▓.▓


You could see a hornet, a big kobold, a centaur, a jelly, an orc wizard and a
gnoll.

Vanquished Creatures
  A scorpion (D)
  A crimson imp (D)
  An adder (D)
  2 bat skeletons (D)
  A goblin (D)
  2 hobgoblins (D)
  2 kobolds (D)
10 creatures vanquished.

Notes
Turn   | Place    | Note
-------+----------+-------------------------------------------
     0 | D        | Gingerlord the Demonspawn Fighter began the quest for the Orb.
     0 | D        | Reached XP level 1. HP: 18/18 MP: 1/1
    19 | D        | Reached skill level 1 in Dodging
   212 | D        | Noticed a crimson imp
   212 | D        | Noticed a scorpion
   217 | D        | Gained mutation: You have sharp toenails. [demonic ancestry]
   217 | D        | Reached XP level 2. HP: 24/24 MP: 2/2
   230 | D        | Killed a scorpion
   230 | D        | Reached skill level 4 in Fighting
   230 | D        | Gained mutation: When hurt, damage is shared between your health and your magic reserves. [demonic ancestry]
   230 | D        | Reached XP level 3. HP: 11/31 MP: 3/3
   257 | D        | Reached skill level 5 in Fighting
   257 | D        | Reached XP level 4. HP: 10/39 MP: 0/4
   481 | D        | Found a roughly hewn altar of Beogh.
   481 | D        | Found a snail-covered altar of Cheibriados.
   481 | D        | Found a shadowy altar of Dithmenos.
   481 | D        | Found a white marble altar of Elyvilon.
   481 | D        | Found a blossoming altar of Fedhas.
   481 | D        | Found an opulent altar of Gozag.
   482 | D        | Found a hazy altar of Hepliaklqana.
   483 | D        | Found a viscous altar of Jiyva.
   484 | D        | Found an ancient bone altar of Kikubaaqudgha.
   485 | D        | Found a corrupted altar of Lugonu.
   486 | D        | Found a burning altar of Makhleb.
   487 | D        | Found a sparkling altar of Nemelex Xobeh.
   488 | D        | Found an iron altar of Okawaru.
   489 | D        | Found a stormy altar of Qazlal.
   490 | D        | Found a sacrificial altar of Ru.
   491 | D        | Found a deep blue altar of Sif Muna.
   492 | D        | Found a bloodstained altar of Trog.
   493 | D        | Found a hide-covered altar of Uskayaw.
   494 | D        | Found a radiant altar of Vehumet.
   495 | D        | Found an ornate altar of the Wu Jian Council.
   496 | D        | Became a worshipper of Warmaster Okawaru
   497 | D        | Found a shimmering altar of Xom.
   498 | D        | Found a basalt altar of Yredelemnul.
   499 | D        | Found a glowing silver altar of Zin.
   500 | D        | Found a glowing golden altar of the Shining One.
   553 | D        | Noticed a big kobold
   553 | D        | Noticed a centaur
   553 | D        | Noticed a hornet
   562 | D        | Mangled by a hornet

Skill      XL: |  1  2  3 |
---------------+----------+-----
Long Blades    | 2 3 4 |  4.0
Shields        | 3 4 |  4.5
Armour         | 3 4 |  4.5
Dodging        | 1 2 3 |  3.4
Fighting       | 4 5 |  5.0

Action                   |  1- 3 |  4- 6 || total
-------------------------+-------+-------++-------
Melee: Long sword        |    55 |       ||    55
       Kick              |     7 |     1 ||     8
       Scimitar          |       |     7 ||     7
  Use: Potion            |     1 |     2 ||     3
Armor: Scale mail        |    26 |       ||    26
       Chain mail        |       |     3 ||     3
Dodge: Dodged            |    17 |     6 ||    23
Block: Shield            |    26 |     4 ||    30
       Rpst.: Long sword |     4 |       ||     4
       Scimitar          |       |     4 ||     4
